[Event "Late-Titled-Tuesday-Blitz-February-20-2024"]
[Site "Chess.com"]
[Date "2024.02.20"]
[Round "2"]
[White "Grindaveci"]
[Black "EcosseKillie"]
[Result "1/2-1/2"]
[WhiteElo "2438"]
[BlackElo "2161"]
[TimeControl "180+1"]
[EndTime "14:16:27 PST"]
[Termination "Game drawn by repetition"]

1. e4 Nf6 2. Nc3 d5 3. exd5 Nxd5 4. Nxd5 Qxd5 5. Nf3 Bg4 6. Be2 e5 7. d3 Nc6 8. Be3 f5 9. O-O f4 10. Bc1 Bc5 11. Nd2 Bf5 12. Bf3 Qd7 13. Nc4 Bd6 14. Re1 Qc8 15. Bxc6+ bxc6 16. Nxe5 O-O 17. c3 Qb7 18. d4 Rae8 19. Qb3+ Qxb3 20. axb3 Bc2 21. b4 Rf5 22. Rxa7 Bxe5 23. dxe5 Rfxe5 24. Rxe5 Rxe5 25. f3 Re1+ 26. Kf2 Rxc1 27. Rxc7 Ba4 28. g3 Rc2+ 29. Kg1 Rxb2 30. gxf4 Rc2 31. Kf1 Bb5+ 32. Kg1 Rxc3 33. Kf2 Rb3 34. Kg3 Rxb4 35. Kg4 h6 36. h4 Rb1 37. f5 Rb4+ 38. Kh5 Be2 39. Kg6 Rb8 40. Rxg7+ Kh8 41. Rc7 Kg8 42. Rxc6 Bxf3 43.
Kxh6 Be4 44. Rg6+ Kh8 45. Rf6 Bxf5 46. Rxf5 Ra8 47. Rf6 Rb8 48. Ra6 Rc8 49. h5 Kg8 50. Rg6+ Kh8 51. Kg5 Rc5+ 52. Kh6 Rc8 53. Rf6 Kg8 54.
Rg6+ Kh8 1/2-1/2

[Event "Late-Titled-Tuesday-Blitz-February-20-2024"]
[Site "Chess.com"]
[Date "2024.02.20"]
[Round "2"]
[White "AradNazari"]
[Black "andy_rekt"]
[Result "0-1"]
[WhiteElo "2747"]
[BlackElo "2453"]
[TimeControl "180+1"]
[EndTime "14:16:28 PST"]
[Termination "andy_rekt won by resignation"]

1. e4 e6 2. c3 d5 3. e5 c5 4. d4 Nc6 5. Nf3 Bd7 6. Be2 Nge7 7. Na3 cxd4 8. cxd4 Nf5 9. Nc2 Be7 10. Bd3 O-O 11. O-O Rc8 12. a3 a6 13. b4 b5 14.
Re1 Qb6 15. g4 Nh4 16. Nxh4 Bxh4 17. g5 Nxd4 18. Be3 Qd8 19. Nxd4 Bxg5 20. Qh5 h6 21.
Bxg5 Qxg5+ 22. Qxg5 hxg5 23. Rac1 f6 24. Rxc8 Rxc8 25.
exf6 gxf6 26. Nxe6 Re8 27. Bf5 Kf7 28. Nxg5+ fxg5 29. Rxe8 Kxe8 30. Bg6+ Ke7 31. Kg2 Kf6 32. Bd3 Ke5 33.
Kg3 Kd4 34. Bg6 Kc3 35. f4 gxf4+ 36. Kxf4 d4 37. h4 d3 38. h5 d2 39. h6 d1=Q 40.
h7 Qf1+ 41. Kg5 Qg1+ 42. Kf6 Qd4+ 43. Ke7 Bg4 44. Kf8 Qf6+ 45. Bf7 Be6 0-1

[Event "Late-Titled-Tuesday-Blitz-February-20-2024"]
[Site "Chess.com"]
[Date "2024.02.20"]
[Round "2"]
[White "jcibarra"]
[Black "winniethepooh04"]
[Result "1-0"]
[WhiteElo "2932"]
[BlackElo "2560"]
[TimeControl "180+1"]
[EndTime "14:16:29 PST"]
[Termination "jcibarra won by resignation"]

1. e4 e6 2. d4 d5 3. Nc3 dxe4 4. Nxe4 Nd7 5. Bd3 Ngf6 6. Qe2 c5 7. Nxf6+ Nxf6 8. dxc5 Qa5+ 9. Bd2 Qxc5 10. Nf3 Bd7 11. Ne5 Bc6 12. O-O-O Be7 13. f4 O-O 14. Rhe1 Rac8 15.
Kb1 Nd5 16. a3 Qb6 17. Ka1 Rfd8 18. Bxh7+ Kxh7 19. Qh5+ Kg8 20. Qxf7+ Kh7 21. Qg6+ Kg8 22. Qxe6+ Kh7 23. c4 Bxa3 24. bxa3 Qd4+ 25. Ka2 Bb5 26.
Qh3+ Kg8 27. Qb3 Rxc4 28. Ba5 Qf2+ 29. Ka1 Rc2 30. Bxd8 Kh7 31. Qxd5 Ba4 32. Ng4 Qb6 33. Qh5+ 1-0

[Event "Late-Titled-Tuesday-Blitz-February-20-2024"]
[Site "Chess.com"]
[Date "2024.02.20"]
[Round "2"]
[White "ATM622"]
[Black "Charodej1"]
[Result "1-0"]
[WhiteElo "2476"]
[BlackElo "2231"]
[TimeControl "180+1"]
[EndTime "14:16:29 PST"]
[Termination "ATM622 won by resignation"]

1. d4 Nf6 2. c4 e6 3. g3 Bb4+ 4. Nd2 O-O 5. Bg2 d5 6. Qc2 b6 7. Nf3 Bb7 8. O-O Nbd7 9. e4 dxe4 10. Ng5 Bxd2 11. Bxd2 h6 12. Nxe4 Nxe4 13. Bxe4 Bxe4 14. Qxe4 Nf6 15. Qh4 c5 16. Bc3 cxd4 17. Qxd4 Qxd4 18. Bxd4 Ne4 19. Rfd1 Rac8 20. b3 f6 21. f3 Ng5 22.
Kg2 e5 23. Be3 Ne6 24. Rd7 Rf7 25. Rad1 Rxd7 26. Rxd7 Rc7 27. Rxc7 Nxc7 28. a4 Kf7 29. a5 Na8 30. Kf2 Ke6 31. Ke2 Kd6 32. Kd3 Kc6 33.
Ke4 Kd6 34. Kf5 Ke7 35. Kg6 Kf8 36. axb6 axb6 37. h4 Kg8 38. g4 Kf8 39. b4 Kg8 40. b5 Kf8 1-0

[Event "Late-Titled-Tuesday-Blitz-February-20-2024"]
[Site "Chess.com"]
[Date "2024.02.20"]
[Round "2"]
[White "laziestwin"]
[Black "TigrVShlyape"]
[Result "0-1"]
[WhiteElo "2558"]
[BlackElo "2922"]
[TimeControl "180+1"]
[EndTime "14:16:31 PST"]
[Termination "TigrVShlyape won by resignation"]

1. d4 f5 2. Nc3 Nf6 3. Bg5 d5 4. Bxf6 exf6 5. e3 Be6 6. Bd3 Nc6 7. Qf3 Qd7 8. a3 O-O-O 9. Nge2 g5 10. Ng3 f4 11. exf4 Nxd4 12. Qd1 gxf4 13. Nge2 Nxe2 14. Nxe2 f3 15. gxf3 Bh6 16. f4 c5 17. c3 d4 18.
cxd4 cxd4 19. Qc2+ Kb8 20. Rc1 Rhg8 21. Qc5 Rc8 22. Qh5 Rxc1+ 23. Nxc1 Bxf4 24. Ne2 Be5 25. Qxh7 Qd8 26. Rg1 Rh8 27. Qg7 Bxh2 28. Rh1 Rg8 29. Qh7 Be5 30. f4 Bd6 31. Nxd4 Bb4+ 32. axb4 Qxd4 33.
Qe4 Qb6 34. f5 Bd7 35. Rh7 Re8 36. Re7 Rd8 37. Qf4+ Ka8 38. Qe4 a6 39. Kd2 Bc6 40. Re5 Bxe4 0-1

[Event "Late-Titled-Tuesday-Blitz-February-20-2024"]
[Site "Chess.com"]
[Date "2024.02.20"]
[Round "2"]
[White "carloseduar100"]
[Black "yaguigor"]
[Result "0-1"]
[WhiteElo "2355"]
[BlackElo "2636"]
[TimeControl "180+1"]
[EndTime "14:16:31 PST"]
[Termination "yaguigor won by resignation"]

1. g3 d5 2. Bg2 c6 3. Nf3 Bg4 4. O-O Nd7 5. d4 e6 6. c3 Ngf6 7. Nbd2 Be7 8. Re1 O-O 9. e4 a5 10. e5 Ne8 11. h3 Bf5 12. Kh2 Nc7 13. Nf1 b5 14. Bf4 c5 15. Qd2 b4 16. Ne3 Be4 17. Ng4 h5 18. Ne3 g5 19. Nxg5 Bxg5 20. Nxd5 Bxf4 21. Nxf4 Bxg2 22. Nxh5 Kh7 23. Kxg2 Rg8 24. Re4 Rg6 25. Kh2 Qg5 26. Rh4 Qxd2 27. Nf6+ Kg7 28.
Rh7+ Kf8 29. Nxd7+ Ke7 0-1

[Event "Late-Titled-Tuesday-Blitz-February-20-2024"]
[Site "Chess.com"]
[Date "2024.02.20"]
[Round "2"]
[White "laskakid"]
[Black "rdarruda"]
[Result "0-1"]
[WhiteElo "2343"]
[BlackElo "2525"]
[TimeControl "180+1"]
[EndTime "14:16:32 PST"]
[Termination "rdarruda won by resignation"]

1. d4 Nf6 2. c4 e5 3. dxe5 Ne4 4. a3 Nc6 5. Nf3 d6 6. Qc2 d5 7. e3 Be6 8. Nbd2 Nxd2 9. Bxd2 Qd7 10. cxd5 Qxd5 11.
Bc3 O-O-O 12. Rd1 Qxd1+ 13. Qxd1 Rxd1+ 14. Kxd1 Bb3+ 15. Ke1 Be7 16. Bb5 Bd5 17. Ke2 a6 18. Bd3 Re8 19. e6 fxe6 20. Bxh7 Bf6 21. Bxf6 gxf6 22.
h4 Rh8 23. Bd3 f5 24. Rh2 Rh5 25. Nd4 Ne5 26. Bc2 Ng4 27. Rh1 Bxg2 28. Rg1 Bd5 29.
f3 Ne5 30. Rh1 c5 31. e4 Bc4+ 32. Ke3 cxd4+ 33. Kxd4 fxe4 34. f4 Bd3 35. fxe5 Bxc2 36. Rc1 Rxh4 37. Rxc2+ Kd7 38. Re2 Kc6 39. Rc2+ Kb6 40.
Re2 Kb5 41. b3 Rh3 42. Re3 Rh4 43. Rxe4 Rxe4+ 44. Kxe4 Kc5 45. Kf4 Kd4 46. a4 a5 47.
Kf3 Kxe5 48. Ke3 Kd5 49. Kd3 e5 0-1

[Event "Late-Titled-Tuesday-Blitz-February-20-2024"]
[Site "Chess.com"]
[Date "2024.02.20"]
[Round "2"]
[White "Zhigalko_Sergei"]
[Black "Pelusiansky"]
[Result "1-0"]
[WhiteElo "2944"]
[BlackElo "2560"]
[TimeControl "180+1"]
[EndTime "14:16:34 PST"]
[Termination "Zhigalko_Sergei won on time"]

1. e4 c6 2. d4 d5 3. e5 Bf5 4. Nf3 e6 5. Be2 Nd7 6. O-O Ne7 7. Nbd2 c5 8. c4 cxd4 9. Nxd4 Bg6 10. N2f3 dxc4 11. Bg5 Qb6 12. Bxc4 Nc6 13. Nb5 a6 14. Be3 Qd8 15. Nbd4 Ncxe5 16. Nxe5 Nxe5 17. Qa4+ Ke7 18. Rfd1 Qe8 19. Qb4+ Kf6 20. Qc3 Rc8 21. Nf3 Rxc4 22. Qxe5+ Ke7 23. Qd6+ Kf6 24. Bg5+ Kf5 25. Qe5+ Kg4 26.
Rd4+ Rxd4 27. Qxd4+ 1-0

[Event "Late-Titled-Tuesday-Blitz-February-20-2024"]
[Site "Chess.com"]
[Date "2024.02.20"]
[Round "2"]
[White "AlexeiShirov"]
[Black "Practical-Play"]
[Result "1-0"]
[WhiteElo "2849"]
[BlackElo "2530"]
[TimeControl "180+1"]
[EndTime "14:16:34 PST"]
[Termination "AlexeiShirov won on time"]

1. e4 d5 2. exd5 Nf6 3. d4 Bg4 4. Nf3 Qxd5 5. Nc3 Qa5 6. Be2 Nc6 7. Bd2 O-O-O 8. Nb5 Qb6 9. a4 Bxf3 10. Bxf3 Nxd4 11. Be3 Qa5+ 12. b4 Qxb4+ 13. c3 Nxf3+ 14.
Qxf3 Qg4 15. Nxa7+ Kb8 16. Nc6+ bxc6 17. Qxc6 Qe4 18. Rb1+ Kc8 19. Qa6+ Kd7 20. O-O e6 21. Qb5+ Qc6 22. Rfd1+ Bd6 23. Qg5 Rb8 24. Qxg7 Rxb1 25. Qxf7+ Kc8 26. Rxb1 Rg8 27. Qxe6+ Qd7 28. Qxf6 Qg4 29. g3 Rf8 30. Qd4 Qf5 31. Rb5 Qc2 32. Qg4+ Kd8 33. Bg5+ Ke8 34. Qe6+ 1-0

[Event "Late-Titled-Tuesday-Blitz-February-20-2024"]
[Site "Chess.com"]
[Date "2024.02.20"]
[Round "2"]
[White "koziororo"]
[Black "sergoy"]
[Result "0-1"]
[WhiteElo "2598"]
[BlackElo "3000"]
[TimeControl "180+1"]
[EndTime "14:16:35 PST"]
[Termination "sergoy won by resignation"]

1. e4 c5 2. Nf3 e6 3. c3 Nf6 4. e5 Nd5 5. d4 cxd4 6. cxd4 d6 7.
Nc3 Nxc3 8. bxc3 Qc7 9. Bd2 Nd7 10. exd6 Bxd6 11. Bd3 b6 12. O-O Bb7 13. Rc1 Bf4 14.
Re1 O-O 15. Ng5 h6 16. Ne4 Bxh2+ 17. Kh1 Bf4 18. Qg4 Bxd2 19. Nxd2 Rad8 20. Re3 Nf6 21. Qh4 Rd5 22. Qg3 Qxg3 23. Rxg3 Rc8 24. Re3 Rxd4 25. Nb3 Rdd8 26. Rh3 Nd5 27. Bf1 Nf4 28. Re3 Rd6 29.
c4 Rcd8 30. c5 Rd1 31. Re1 Rxe1 32. Rxe1 Bd5 33. Kh2 Bxb3 34. axb3 bxc5 35. Ra1 Rd7 36. Bc4 g5 37. Kg3 Kg7 38. Ra5 Rc7 39. Kf3 Ng6 40. Ke4 h5 41. g3 h4 42. Ra1 Rd7 43. Ra5 Rd4+ 44. Kf3 Ne5+ 45. Kg2 Nxc4 46. bxc4 Rxc4 47. Rxa7 hxg3 48. Kxg3 Kg6 49. Rc7 Rc3+ 50. Kg2 f5 51. Rc6 Kf6 52. Rc8 g4 53. Rf8+ Ke5 54. Rc8 Kf4 55.
Rc6 e5 56. Rc8 e4 57. Rf8 Rc2 58. Kf1 c4 59. Ke1 c3 60. Rf7 Ra2 61. Rf8 Ra1+ 62. Ke2 c2 0-1

[Event "Late-Titled-Tuesday-Blitz-February-20-2024"]
[Site "Chess.com"]
[Date "2024.02.20"]
[Round "2"]
[White "ExchangeAB"]
[Black "rionelG"]
[Result "0-1"]
[WhiteElo "2450"]
[BlackElo "2209"]
[TimeControl "180+1"]
[EndTime "14:16:35 PST"]
[Termination "rionelG won by checkmate"]

1. d4 d5 2. Nf3 e6 3. c3 b6 4. Bf4 Bb7 5. e3 Nf6 6. Nbd2 Bd6 7.
Bxd6 Qxd6 8. Ne5 O-O 9. f4 c5 10. Bd3 Nbd7 11. Qe2 Ne4 12. O-O Ndf6 13. Bxe4 dxe4 14.
Ndc4 Qc7 15. a4 Rac8 16. Na3 a6 17. Rac1 Nd5 18. f5 f6 19. Ng4 exf5 20. Rxf5 Qd7 21.
Qf2 Qxa4 22. Rh5 Qd7 23. Qh4 h6 24. Nc4 cxd4 25. exd4 Rxc4 26. Nxh6+ gxh6 27. Rxh6 Qg7 28. Qh5 Ne7 29. Rf1 e3 30. Re1 Qxg2# 0-1

[Event "Late-Titled-Tuesday-Blitz-February-20-2024"]
[Site "Chess.com"]
[Date "2024.02.20"]
[Round "2"]
[White "KaydenTroffChess"]
[Black "Inepton_Fermion"]
[Result "1-0"]
[WhiteElo "2818"]
[BlackElo "2378"]
[TimeControl "180+1"]
[EndTime "14:16:37 PST"]
[Termination "KaydenTroffChess won by resignation"]

1. d4 Nf6 2. Nf3 e6 3. Bf4 h6 4.
e3 Nh5 5. Bg3 Nxg3 6. hxg3 d6 7.
Nbd2 g6 8. Bd3 Bg7 9. c3 Nd7 10. Qc2 Qe7 11. O-O-O a5 12. Kb1 c6 13. e4 e5 14. Nc4 b5 15. Ne3 Ba6 16. g4 a4 17.
Qd2 a3 18. b3 b4 19. dxe5 Nxe5 20. Bxa6 Nxf3 21. gxf3 Rxa6 22. Qxd6 Qxd6 23. Rxd6 Bxc3 24. Rhd1 O-O 25. Nd5 cxd5 26. Rxa6 d4 27. Rc6 Kg7 28.
Kc2 Rh8 29. Rh1 Rb8 30. Kd3 Rb5 31. f4 Ra5 32. f3 Rb5 33. f5 Rb8 34. f4 Re8 35.
fxg6 fxg6 36. f5 gxf5 37. gxf5 h5 38. Rxh5 Kf7 39. Rh7+ Kg8 40. Rch6 Kf8 41. Rh8+ Ke7 42. f6+ Kd8 43. f7 Rxh8 1-0

[Event "Late-Titled-Tuesday-Blitz-February-20-2024"]
[Site "Chess.com"]
[Date "2024.02.20"]
[Round "2"]
[White "StrackedAktonamee"]
[Black "thesupera12"]
[Result "1-0"]
[WhiteElo "2330"]
[BlackElo "2488"]
[TimeControl "180+1"]
[EndTime "14:16:39 PST"]
[Termination "StrackedAktonamee won by checkmate"]

1. Nf3 Nf6 2. g3 Rg8 3. d4 h6 4. c4 g5 5. Nc3 e6 6. e4 Bb4 7. Qc2 b6 8. Bg2 Bb7 9. Nd2 Nc6 10. Ne2 Qe7 11. a3 Bxd2+ 12. Bxd2 O-O-O 13. e5 Ne8 14. Qa4 Kb8 15. Bb4 Nxb4 16. axb4 Bxg2 17. d5 a5 18. bxa5 b5 19. Qxb5+ Ka7 20. d6 cxd6 21. Qb6+ Ka8 22. Ra3 Bxh1 23. Qa6+ Kb8 24. Rb3+ Kc7 25. Qb6+ Kc8 26.
Qb8# 1-0

[Event "Late-Titled-Tuesday-Blitz-February-20-2024"]
[Site "Chess.com"]
[Date "2024.02.20"]
[Round "2"]
[White "harkow"]
[Black "LUISMIGUELOV"]
[Result "0-1"]
[WhiteElo "2432"]
[BlackElo "2180"]
[TimeControl "180+1"]
[EndTime "14:16:39 PST"]
[Termination "LUISMIGUELOV won by resignation"]

1. d4 Nf6 2. c4 e5 3. dxe5 Ng4 4. Nf3 Bc5 5. e3 Nc6 6. Nc3 O-O 7. Be2 Re8 8. b3 a5 9. O-O Ra6 10. Ne4 Ba7 11.
c5 Ncxe5 12. Bxa6 bxa6 13. Bb2 Bb7 14. Nxe5 Nxe5 15. Qd4 d6 16. cxd6 Bxd4 17. exd4 Bxe4 18. dxe5 cxd6 19. Rad1 d5 20. f3 Bf5 21. Bd4 Qe7 22.
Rc1 h6 23. Rc5 a4 24. bxa4 Qb7 25. Rfc1 Qb4 26. Rxd5 Qxa4 27. Rd6 Qxa2 28. h3 Be6 29. Kh2 Qe2 30. Rc5 h5 31. Ra5 Bc4 32. Bc3 Bb5 33. Ra1 Qc4 34. Bd4 h4 35. Re1 Re6 36. Rd8+ Kh7 37.
Re4 g5 38. Be3 Qc7 39. Bxg5 Rxe5 40. Rxh4+ Kg6 41. Bf4 Qxd8 42. Bxe5 Qxh4 0-1

[Event "Late-Titled-Tuesday-Blitz-February-20-2024"]
[Site "Chess.com"]
[Date "2024.02.20"]
[Round "2"]
[White "vovachesss"]
[Black "ahmedkandiliii"]
[Result "1-0"]
[WhiteElo "2800"]
[BlackElo "2512"]
[TimeControl "180+1"]
[EndTime "14:16:40 PST"]
[Termination "vovachesss won on time"]

1. c4 Nf6 2. Nc3 d5 3. cxd5 Nxd5 4. e4 Nxc3 5. bxc3 g6 6. d4 Bg7 7. Nf3 c5 8. h3 O-O 9. Be2 cxd4 10. cxd4 Nc6 11.
Be3 Qa5+ 12. Bd2 Qd8 13. d5 Ne5 14. O-O e6 15. Nxe5 Bxe5 16. Bf3 exd5 17. exd5 Bf5 18. Rc1 Qd6 19. Qb3 Rab8 20. Bb4 Qf6 21. Bxf8 Kxf8 22. Qa3+ Bd6 23. Qxa7 Qe5 24. g3 Bxh3 25. Rfe1 Qg5 26. Qe3 Qf5 27. Qh6+ Kg8 28. Re3 Bf8 29. Qh4 g5 30.
Qh5 Bd6 31. Be4 Bg4 32. Qh6 Qd7 33. Bxh7+ 1-0

[Event "Late-Titled-Tuesday-Blitz-February-20-2024"]
[Site "Chess.com"]
[Date "2024.02.20"]
[Round "2"]
[White "zverr1"]
[Black "jrbarreto"]
[Result "1-0"]
[WhiteElo "2541"]
[BlackElo "2350"]
[TimeControl "180+1"]
[EndTime "14:16:41 PST"]
[Termination "zverr1 won by resignation"]

1. e4 d6 2. d4 g6 3. Nc3 Bg7 4.
Be3 a6 5. a4 b6 6. h3 Bb7 7. g4 Nd7 8. Bg2 e6 9. Nge2 Ne7 10.
O-O c5 11. Qd2 Nc6 12. f4 O-O 13. Rad1 Na5 14. b3 c4 15. b4 Nc6 16. b5 axb5 17. axb5 Ne7 18. f5 exf5 19. gxf5 Nf6 20. e5 Bxg2 21. exf6 Bxf1 22. fxg7 Kxg7 23. Rxf1 Nxf5 24.
Bg5 f6 25. Bf4 Re8 26. Ng3 Qd7 27. Nxf5+ gxf5 28. Nd5 Rg8 29. Kh2 Kf7 30. Qe2 Rae8 31. Qh5+ Ke6 32. Ne3 Qxb5 33. d5+ Kd7 34. Qxf5+ Kc7 35.
Qxf6 c3 36. Qxd6+ Kb7 37. Qc7+ Ka6 38. Ra1+ Qa5 1-0

[Event "Late-Titled-Tuesday-Blitz-February-20-2024"]
[Site "Chess.com"]
[Date "2024.02.20"]
[Round "2"]
[White "Fluffey"]
[Black "abeljusto"]
[Result "1-0"]
[WhiteElo "2451"]
[BlackElo "2087"]
[TimeControl "180+1"]
[EndTime "14:16:41 PST"]
[Termination "Fluffey won on time"]

1. d4 Nf6 2. Bf4 d5 3. e3 c5 4.
Nf3 Nc6 5. Nbd2 cxd4 6. exd4 Bf5 7. Bb5 Qb6 8. c4 dxc4 9. a4 Bd3 10. Ne5 Nd5 11.
Ndxc4 Bxc4 12. Nxc4 Qd8 13. Bg3 e6 14. O-O Be7 15. Ne5 Rc8 16. Rc1 Qb6 17. Nc4 Qd8 18.
Qg4 O-O 19. Rfd1 a6 20. Bxc6 Rxc6 21. Ne3 Rxc1 22. Rxc1 Nf6 23. Qf4 Nh5 24. Qc7 Nxg3 25. hxg3 b5 26. axb5 axb5 27. Qb7 b4 28. Rc7 Bd6 29.
Rd7 Qb8 30. Nc4 Qxb7 31. Rxb7 Bb8 32. Rxb4 Ba7 33. Ne5 f6 34. Nc6 Ra8 35. Ra4 Rc8 36. Nxa7 Rc1+ 37. Kh2 Rb1 38. b4 Rd1 39. b5 Rb1 40. Rc4 Rxb5 41. Nxb5 1-0

[Event "Late-Titled-Tuesday-Blitz-February-20-2024"]
[Site "Chess.com"]
[Date "2024.02.20"]
[Round "2"]
[White "Sicupira"]
[Black "scandalgod"]
[Result "0-1"]
[WhiteElo "2283"]
[BlackElo "2505"]
[TimeControl "180+1"]
[EndTime "14:16:42 PST"]
[Termination "scandalgod won on time"]

1. e4 e5 2. Nf3 Nc6 3. d4 exd4 4. Bc4 Nf6 5. e5 d5 6. Bb5 Ne4 7. Nxd4 Bc5 8. Be3 O-O 9. Nxc6 bxc6 10. Bxc5 Nxc5 11.
Bxc6 Rb8 12. Qxd5 Qe7 13. O-O Rxb2 14. Nc3 Rd8 15. Qf3 Ne6 16. Nd5 Qc5 17. Rad1 Ba6 18.
Rfe1 Rxc2 19. Ba4 Re2 20. Bb3 Nd4 21. Nf6+ Kh8 22. Rxe2 Bxe2 23. Qe4 gxf6 24. Rxd4 Qxd4 25. Qxe2 Qa1+ 26. Qf1 Qxf1+ 27. Kxf1 fxe5 28. Bxf7 Kg7 29. Bb3 Kf6 30. Ke2 e4 31. Ke3 Ke5 32. h3 Rd4 33.
g3 Rd3+ 0-1

[Event "Late-Titled-Tuesday-Blitz-February-20-2024"]
[Site "Chess.com"]
[Date "2024.02.20"]
[Round "2"]
[White "boguszp"]
[Black "maxip32"]
[Result "0-1"]
[WhiteElo "2012"]
[BlackElo "2658"]
[TimeControl "180+1"]
[EndTime "14:16:45 PST"]
[Termination "maxip32 won on time"]

1. d4 Nf6 2. Bf4 d5 3. e3 Bf5 4. c3 e6 5. Bd3 Bxd3 6. Qxd3 Be7 7. Qb5+ Nbd7 8. Qxb7 Rb8 9. Qxc7 Qxc7 10. Bxc7 Rxb2 11. Nd2 O-O 12. Ngf3 Rc8 13. Ba5 Rb5 14. Nb3 Ne4 15. Rc1 Rc4 16. Nfd2 Nxd2 17. Kxd2 Ra4 18. Rc2 Raxa5 19.
Nxa5 Rxa5 20. Rb1 Nb6 21. Kd3 Ra3 22. Rb3 Kf8 23. Rcb2 Ra4 24. f3 Ba3 25. Rc2 Bd6 26. Rcb2 Bxh2 27. f4 Bg3 28. Rb5 Ke7 29. Rc5 Kd7 30.
Ke2 h5 31. Kf3 Bh4 32. g3 Be7 33. Rcb5 Ra3 34. R5b3 Kc6 35. Rxa3 Bxa3 36. Rb3 Be7 37. g4 hxg4+ 38. Kxg4 a5 39. Rb2 a4 40. Rh2 a3 41.
Rh7 Bf6 42. Rh8 Na4 43. Rf8 Nxc3 44. Rc8+ Kb5 45. Rxc3 Kb4 46. Rb3+ Ka4 47. f5 e5 48. dxe5 Bxe5 0-1

[Event "Late-Titled-Tuesday-Blitz-February-20-2024"]
[Site "Chess.com"]
[Date "2024.02.20"]
[Round "2"]
[White "a_kandil"]
[Black "Korchmar_Vasiliy"]
[Result "0-1"]
[WhiteElo "2437"]
[BlackElo "2768"]
[TimeControl "180+1"]
[EndTime "14:16:45 PST"]
[Termination "Korchmar_Vasiliy won by resignation"]

1. e4 e6 2. d3 g6 3. g3 Bg7 4. Bg2 Ne7 5. Nf3 O-O 6. O-O c5 7. Re1 Nbc6 8. c3 d5 9. Qe2 b6 10. h4 Ba6 11. c4 b5 12. exd5 exd5 13. Be3 bxc4 14. Bxc5 cxd3 15. Qd2 Re8 16. Nc3 Rc8 17. h5 Nf5 18. Ng5 Rxe1+ 19. Rxe1 Ncd4 20. Nxf7 Kxf7 21. Bxd5+ Qxd5 22. Nxd5 Rxc5 23. hxg6+ hxg6 24. Kg2 Rxd5 25. g4 Nh4+ 26. Kg3 Nhf3 27. Qf4+ Kg8 28. Qb8+ Kh7 29. Rh1+ Rh5 30. gxh5 Be5+ 31. Qxe5 Nxe5 32. Kf4 Nc4 33. Ke4 Bb7+ 34. Kxd4 Bxh1 35. Kxd3 Nxb2+ 36. Kc3 gxh5 37.
Kxb2 h4 0-1

[Event "Late-Titled-Tuesday-Blitz-February-20-2024"]
[Site "Chess.com"]
[Date "2024.02.20"]
[Round "2"]
[White "shirovin"]
[Black "ThePeacefulPanda"]
[Result "0-1"]
[WhiteElo "2091"]
[BlackElo "2434"]
[TimeControl "180+1"]
[EndTime "14:16:45 PST"]
[Termination "ThePeacefulPanda won on time"]

1. e4 e5 2. Nf3 Nf6 3. Nxe5 Nc6 4. Nf3 Nxe4 5. d4 d5 6. Bd3 Bd6 7. O-O O-O 8. c4 Nb4 9. cxd5 Nxd3 10. Qxd3 Bf5 11. Nc3 Ng3 12. Qb5 Nxf1 13. Kxf1 a6 14. Qxb7 Bd3+ 15. Kg1 Rb8 16. Qc6 Rb6 17. Qa4 Qe8 18.
Qd1 Bg6 19. Na4 Rb4 20. Nc5 Qb5 21. a3 Rc4 22. b3 Rc3 23. Bb2 Rc2 24. Rb1 Bxc5 25.
dxc5 Qxb3 26. Qd4 f6 27. Ne1 Rc4 28. Qd1 Qxd1 29. Rxd1 Rd8 30. d6 cxd6 31. cxd6 Rc6 32. d7 Rc7 33. Nf3 Rcxd7 34. Re1 Rd1 35. Kf1 Rxe1+ 36.
Kxe1 Be4 37. Nd4 Bxg2 38. f3 Rxd4 39. Bxd4 Bxf3 40. Kf2 Bc6 41. Ke3 Bb7 42. Bc5 Kf7 43. Bb4 Ke6 44. Kf4 g5+ 45. Kg3 h5 46. Bc3 h4+ 47.
Kf2 Kf5 48. Ke3 Bc8 49. Kf2 Be6 50. Bd4 Kg6 51. Bc3 f5 52. Be5 f4 53. Kf3 Kf5 0-1

[Event "Late-Titled-Tuesday-Blitz-February-20-2024"]
[Site "Chess.com"]
[Date "2024.02.20"]
[Round "2"]
[White "BabageldiAnnaberdiyev"]
[Black "BogdanDeac"]
[Result "1/2-1/2"]
[WhiteElo "2623"]
[BlackElo "3040"]
[TimeControl "180+1"]
[EndTime "14:16:47 PST"]
[Termination "Game drawn by repetition"]

1. e4 c6 2. d4 d5 3. Nd2 Qc7 4. Ngf3 Bg4 5. h3 Bh5 6. exd5 cxd5 7. Bb5+ Nc6 8. c3 e6 9. Qa4 Bd6 10. O-O Ne7 11. Re1 O-O 12. Bd3 Bg6 13. Bxg6 Nxg6 14. Nf1 Rfe8 15. Qd1 f6 16. h4 Qf7 17. h5 Nf4 18. h6 g5 19. g3 Ng6 20. Kg2 Nce7 21.
N1h2 Nf5 22. Ng4 Kh8 23. Qd3 Nge7 24. Bd2 Qg6 25. Qb5 Ng8 26. Rh1 Re7 27. Rae1 Nfxh6 28. Nxh6 Nxh6 29. c4 dxc4 30. Qxc4 Rae8 31. Bc3 Nf7 32.
d5 e5 33. Qa4 Kg7 34. Nd2 Qd3 35. Ne4 h6 36. Rd1 Qa6 37. Qc2 f5 38. Nxd6 Nxd6 39. f4 Nf7 40. d6 Rd7 41. Qxf5 Qe2+ 42. Kh3 Qh5+ 43. Kg2 Qe2+ 44. Kh3 Qh5+ 45. Kg2 Qe2+ 1/2-1/2

[Event "Late-Titled-Tuesday-Blitz-February-20-2024"]
[Site "Chess.com"]
[Date "2024.02.20"]
[Round "2"]
[White "prime-morty"]
[Black "bancsoo"]
[Result "1-0"]
[WhiteElo "2566"]
[BlackElo "2890"]
[TimeControl "180+1"]
[EndTime "14:16:47 PST"]
[Termination "prime-morty won by resignation"]

1. c4 c6 2. Nf3 d5 3. e3 Nf6 4. Nc3 g6 5. d4 Bg7 6. Be2 O-O 7.
O-O Be6 8. Ne5 Nfd7 9. f4 Nxe5 10. fxe5 dxc4 11. a4 c5 12. d5 Bc8 13. e6 fxe6 14. Rxf8+ Qxf8 15. Bxc4 Na6 16. dxe6 Bxc3 17. bxc3 Nc7 18.
Ba3 Bxe6 19. Bxe6+ Nxe6 20. Qd5 Qf5 21. Qxb7 Rf8 22.
h3 Rf7 23. Qb8+ Kg7 24. Qg3 h5 25. c4 Ng5 26. Bb2+ Kh7 27. Rd1 Ne4 28. Qe1 Qg5 29. Rd8 e5 30. Re8 Rf2 31. Qxf2 Nxf2 32. Bxe5 Nxh3+ 33. Kh2 Qxe5+ 34. Rxe5 Nf2 35. Rxc5 Ng4+ 36. Kg1 Nxe3 37.
Rc7+ Kh6 38. c5 a5 39. c6 Nd5 40. Rd7 1-0

[Event "Late-Titled-Tuesday-Blitz-February-20-2024"]
[Site "Chess.com"]
[Date "2024.02.20"]
[Round "2"]
[White "GM_RobertoMogranzini"]
[Black "Angry_Twin"]
[Result "0-1"]
[WhiteElo "2573"]
[BlackElo "2970"]
[TimeControl "180+1"]
[EndTime "14:16:49 PST"]
[Termination "Angry_Twin won by resignation"]

1. e4 c5 2. Nf3 d6 3. Nc3 Nf6 4. e5 dxe5 5. Nxe5 a6 6. a4 Nbd7 7. Nc4 g6 8. g3 Bg7 9. Bg2 O-O 10. a5 Ra7 11. O-O b5 12. axb6 Nxb6 13. Na5 Bd7 14. Nc6 Bxc6 15. Bxc6 c4 16. Bg2 e6 17. d3 cxd3 18.
Be3 Rd7 19. Rxa6 Nc4 20. Bc5 Re8 21. cxd3 Nxb2 22. Qe2 Nxd3 23. Be3 Nb4 24. Ra8 Qc7 25. Rxe8+ Nxe8 26. Ne4 Nd5 27. Rc1 Qb8 28. Bd2 Nef6 29. Nxf6+ Bxf6 30. h4 h5 31. Kh2 Kg7 32. Kg1 Qb2 33.
Qe1 Ne7 34. Bf4 Nf5 35. Rb1 Qa3 36. Be4 Nd4 37. Rd1 Qb3 38. Kg2 Qa4 39. Rd3 Nc2 40. Qd2 Qxe4+ 0-1

[Event "Late-Titled-Tuesday-Blitz-February-20-2024"]
[Site "Chess.com"]
[Date "2024.02.20"]
[Round "2"]
[White "IndianSchoolOfSuffering"]
[Black "olawsson"]
[Result "1-0"]
[WhiteElo "2443"]
[BlackElo "2140"]
[TimeControl "180+1"]
[EndTime "14:16:49 PST"]
[Termination "IndianSchoolOfSuffering won by checkmate"]

1. d4 d6 2. e4 Nc6 3. Nf3 Nf6 4. Nc3 Bg4 5. Be3 e6 6. Be2 Be7 7. O-O O-O 8. h3 Bh5 9. a4 d5 10. e5 Ne4 11. Ne1 Nxc3 12. bxc3 Bxe2 13. Qxe2 Na5 14. f4 f5 15. exf6 Rxf6 16. Nf3 Nc4 17. Ne5 Nd6 18. a5 Ne4 19. Qd3 c5 20. a6 b6 21. Rad1 c4 22.
Nxc4 Ng3 23. Ne5 Nxf1 24. Rxf1 Qc7 25. Bd2 Rc8 26. Re1 Bd6 27. Kh2 Bxe5 28. Rxe5 Qc4 29. Qe3 Qxa6 30. Rxe6 Rxe6 31. Qxe6+ Kf8 32. f5 Qb7 33. f6 Re8 34. fxg7+ Kxg7 35. Bh6+ Kh8 36. Qxe8# 1-0